 Dungeon Crawl Stone Soup version 0.31.0-12-g77e489cdc1 (webtiles) character file.

Game seed: 4493478858317490786

3611 hawla the Carver (level 9, -6/70 HPs)
             Began as a Minotaur Fighter on Feb 26, 2024.
             Was an Initiate of Yredelemnul.
             Mangled by an orc knight
             ... wielding a +0 war axe
              (16 damage)
             ... in a bailey on Feb 27, 2024.
             The game lasted 00:19:15 (7738 turns).

hawla the Carver (Minotaur Fighter)                 Turns: 7738, Time: 00:19:16

Health: -6/70      AC: 18    Str: 22    XL:     9   Next: 86%
Magic:  3/8        EV:  7    Int: 11    God:    Yredelemnul [......]
Gold:   242        SH: 17    Dex: 19    Spells: 8/8 levels left

rFire   . . .        g - +3 long sword
rCold   . . .        y - +0 tower shield
rNeg    . . .        a - +4 chain mail "Micsea" {rElec Int+6 Dex+3}
rPois   +            (helmet restricted)
rElec   +            (no cloak)
rCorr   .            c - +2 pair of gloves {Dex+3}
SInv    +            b - +1 pair of boots
Will    .....        k - amulet of faith Stlth
                     o - ring of poison resistance
HPRegen 0.31/turn    m - ring of see invisible
MPRegen 0.11/turn

%: faith
@: no status effects
A: horns 2, retaliatory headbutt
a: Renounce Religion, Recall Undead Harvest


You were in a bailey.
You worshipped Yredelemnul.
Yredelemnul was noncommittal.
You visited 2 branches of the dungeon, and saw 9 of its levels.
You also visited: Bailey.

You collected 383 gold pieces.
You spent 141 gold pieces at shops.

Inventory:

Hand Weapons
 g - a +3 long sword (weapon)
Missiles
 E - 5 poisoned darts (quivered)
Armour
 a - the +4 chain mail "Micsea" (worn) {rElec Int+6 Dex+3}
   (You found it in a bailey)

   Int+6:     It affects your intelligence (+6).
   Dex+3:     It affects your dexterity (+3).
   rElec:     It insulates you from electricity.
 b - a +1 pair of boots (worn)
 c - a +2 pair of gloves of dexterity (worn)
 y - a +0 tower shield (worn)
Jewellery
 f - a ring of positive energy
 j - a +4 ring of protection
 k - an amulet of faith (around neck)
 m - a ring of see invisible (right hand)
 o - a ring of poison resistance (left hand)
 B - a ring of fire
 G - an amulet of guardian spirit
Wands
 n - a wand of charming (11)
 t - a wand of polymorph (14)
 x - a wand of mindburst (33)
 C - a wand of flame (19)
 D - a wand of iceblast (3)
Potions
 d - 2 potions of might
 e - a potion of lignification
 i - a potion of attraction
 l - 2 potions of resistance
 p - a potion of curing
 q - 2 potions of brilliance
 u - a potion of cancellation
 w - 2 potions of heal wounds {unknown}
 z - a potion of berserk rage {unknown}
 A - a potion of invisibility {unknown}
 F - a potion of mutation {unknown}


   Skills:
 - Level 3.6 Fighting
 - Level 14.0 Long Blades
 - Level 3.6 Armour
 - Level 3.0 Dodging
 + Level 9.6 Shields


You had 8 spell levels left.
You didn't know any spells.
Your spell library was empty.

Dungeon Overview and Level Annotations

Branches:
Dungeon (8/15)             Temple (1/1) D:6          Bailey (1/1)
   Lair: D:8-11

Altars:
Ashenzari
Cheibriados
Dithmenos
Elyvilon
Gozag
Hepliaklqana
Kikubaaqudgha
Nemelex Xobeh
Okawaru
Qazlal
Ru
Sif Muna
Trog
Wu Jian
Xom
Yredelemnul
Zin
The Shining One

Shops:
D:3 *

Annotations:
D:6 Lhightning's ghost, novice DjFE


Innate Abilities, Weirdness & Mutations

You have a pair of horns on your head.
You reflexively headbutt those who attack you in melee.


Message History

The orc knight hits your orc warrior zombie with a +0 war axe!
You closely miss the orc knight.
You headbutt the orc knight, but do no damage.
The orc knight is heavily wounded.
Your orc warrior zombie closely misses the orc knight.
The orc knight hits you but does no damage.
The orc knight hits your orc warrior zombie with a +0 war axe!!
Your orc warrior zombie is destroyed!
You barely miss the orc knight.
The orc knight is heavily wounded.
You block the orc knight's attack.
You hit the orc knight. Your headbutt misses the orc knight.
The orc knight is heavily wounded.
You block the orc knight's attack.
Unknown command.
Aiming: Mindburst
Press: ? - help, Shift-Dir - straight line, f/p - orc knight
Aim: an orc knight, wielding a +0 war axe and wearing a +0 plate armour (heavily wounded, chance to affect: 47%)
The orc knight's mind is blasted.
The orc knight hits you with a +0 war axe.
* * * LOW HITPOINT WARNING * * *
Aiming: Mindburst
Press: ? - help, Shift-Dir - straight line, f/p - orc knight
Aim: an orc knight, wielding a +0 war axe and wearing a +0 plate armour (severely wounded, chance to affect: 47%)
The orc knight resists with some effort.
The orc knight hits you but does no damage.
Aiming: Mindburst
Press: ? - help, Shift-Dir - straight line, f/p - orc knight
Aim: an orc knight, wielding a +0 war axe and wearing a +0 plate armour (severely wounded, chance to affect: 47%)
The orc knight resists with some effort.
The orc knight curses loudly.
The orc knight hits you with a +0 war axe!
* * * LOW HITPOINT WARNING * * *
Aiming: Mindburst
Press: ? - help, Shift-Dir - straight line, f/p - orc knight
Aim: an orc knight, wielding a +0 war axe and wearing a +0 plate armour (severely wounded, chance to affect: 47%)
The orc knight's mind is blasted!!
The orc knight hits you with a +0 war axe!
You die...
Your body rises from the dead as a mindless zombie.

##~.......~##
#####~~.......~~##
#....~~(......~~..
#.###~~.......~~##
....~~....(..~~..
#.###~~.......~~##
...~~.......~~..
###~~.......~~##
...~~..@(...~~..
###~~..o....~~##
...~~.......~~..
###~~.......~~##
##~..))(..~##
####'''####
##.....##
#∩[)..$∩#
#.ZZ8...#


You could see an orc knight.

Vanquished Creatures
  An unseen horror zombie (D:8)
  Jeremiah (D:8)
  A water moccasin (D:6)
  A sky beast (D:6)
  5 orc warriors (Bailey)
  3 ice beasts
  3 centaurs
  A phantom (D:6)
  3 kobold brigands (Bailey)
  4 scorpions
  7 wights
  2 electric eels
  A howler monkey (D:5)
  2 bombardier beetles
  3 hounds
  2 orc priests (D:8)
  5 orc wizards
  An iguana (D:4)
  9 adders
  3 shadow imps
  3 white imps (D:4)
  2 ufetubi (D:6)
  A ribbon worm (D:2)
  13 dart slugs
  14 orcs
  7 ball pythons
  2 endoplasms
  6 giant cockroaches
  7 hobgoblins
  15 kobolds
  6 quokkas
  5 bats
  6 frilled lizards
  11 goblins
  4 rats
160 creatures vanquished.

Vanquished Creatures (collateral kills)
  An orc warrior (D:7)
  3 wights (D:7)
  An orc priest (D:7)
  4 kobolds (Bailey)
9 creatures vanquished.

Vanquished Creatures (others)
  A barachi zombie (D:8)
  An ice beast zombie (D:7)
  5 orc zombies
  11 kobold zombies (Bailey)
18 creatures vanquished.

Grand Total: 187 creatures vanquished

Notes
Turn   | Place    | Note
-------+----------+-------------------------------------------
     0 | D:1      | hawla the Minotaur Fighter began the quest for the Orb.
     0 | D:1      | Reached XP level 1. HP: 19/19 MP: 0/0
    76 | D:1      | Reached skill level 1 in Dodging
    84 | D:1      | Reached XP level 2. HP: 26/26 MP: 1/1
   434 | D:1      | Found a faded altar of an unknown god.
   593 | D:1      | Reached XP level 3. HP: 26/31 MP: 2/2
  1459 | D:3      | Reached XP level 4. HP: 39/39 MP: 3/3
  1493 | D:3      | Reached skill level 5 in Shields
  1842 | D:3      | Found Ocheis's Assorted Antiques.
  2048 | D:3      | Bought a scroll labelled UCRAZIBAESCH for 21 gold pieces
  2048 | D:3      | Bought a red potion for 18 gold pieces
  2048 | D:3      | Bought a fuming red potion for 18 gold pieces
  2096 | D:4      | Reached skill level 3 in Long Blades
  2121 | D:4      | Found a sacrificial altar of Ru.
  2306 | D:4      | Reached skill level 4 in Long Blades
  2306 | D:4      | Reached XP level 5. HP: 45/45 MP: 4/4
  2707 | D:4      | Reached skill level 5 in Long Blades
  2920 | D:3      | Bought a tapered silver wand for 84 gold pieces
  2960 | D:5      | Entered Level 5 of the Dungeon
  3023 | D:5      | Reached XP level 6. HP: 46/51 MP: 5/5
  3069 | D:5      | Identified the +0 pair of gloves of the Moon Troll {Harm
                  | Will+}
  3100 | D:5      | Reached skill level 6 in Long Blades
  3432 | D:5      | Reached skill level 7 in Long Blades
  3753 | D:5      | Reached XP level 7. HP: 56/57 MP: 6/6
  4075 | D:6      | Found a runed translucent door.
  4080 | D:6      | Noticed Lhightning's ghost (novice DjFE)
  4153 | D:6      | Reached skill level 8 in Long Blades
  4396 | D:6      | Reached skill level 9 in Long Blades
  4566 | D:6      | Found a sparkling altar of Nemelex Xobeh.
  4851 | D:6      | Found a staircase to the Ecumenical Temple.
  4903 | D:6      | Reached skill level 10 in Long Blades
  4914 | D:6      | Reached XP level 8. HP: 47/64 MP: 7/7
  5105 | D:6      | Found an ancient bone altar of Kikubaaqudgha.
  6030 | Temple   | Entered the Ecumenical Temple
  6035 | Temple   | Became a worshipper of Yredelemnul the Dark
  6096 | D:7      | Reached skill level 11 in Long Blades
  6153 | D:7      | HP: 2/56 [wight/+0 trident (7)]
  6433 | D:7      | Reached skill level 12 in Long Blades
  6438 | D:7      | Reached * piety under Yredelemnul
  6935 | D:7      | Reached ** piety under Yredelemnul
  7057 | D:7      | Reached skill level 13 in Long Blades
  7061 | D:7      | Reached *** piety under Yredelemnul
  7065 | D:7      | Reached XP level 9. HP: 65/70 MP: 8/8
  7242 | D:8      | Noticed Jeremiah
  7245 | D:8      | Killed Jeremiah
  7245 | D:8      | Noticed a two-headed ogre
  7262 | D:8      | Reached skill level 14 in Long Blades
  7283 | D:8      | Your ally Jeremiah died
  7549 | D:8      | Found a flagged portal.
  7578 | Bailey   | Entered a bailey
  7681 | Bailey   | Identified the +4 chain mail "Micsea" {rElec Int+6 Dex+3}
  7695 | Bailey   | Noticed an orc knight
  7696 | Bailey   | Found a burning altar of Makhleb.
  7738 | Bailey   | Mangled by an orc knight

Illustrated notes

Levels and vault maps discovered:
D:1:      lightli_arrival_windingriver, layout_basic,
          hellmonk_ecumenical_altar_run_dry
D:2:      layout_rooms
D:3:      layout_loops_ring, serial_shops, shop, nrook_loot_triangle
D:4:      layout_loops_ring, nicolae_ru_awakened_eye,
          serial_library_hellmonk_octagon
D:5:      layout_gridville, kennysheep_dice
D:6:      kennysheep_slugbush, layout_layer_cave, nemelex_spade_bored_becter,
          mainiacjoe_overflow_tiny_flanked, minmay_temple_entry_waves,
          ebering_ghost_reflecting_pool
D:7:      layout_loops_cross, lightli_minifort
D:8:      lemuel_ice_statue, layout_loops_corners, fedhas_altar_4,
          enter_bailey_5, serial_undead, serial_undead_d, serial_undead_c,
          serial_undead_b, serial_undead_e, uniq_maurice, uniq_jeremiah
Temple:   minmay_freezing_vapour_temple
Bailey:   bailey_axe_3, bailey

Skill      XL: |  1  2  3  4  5  6  7  8  9 |
---------------+----------------------------+-----
Dodging        | 1 2 3 |  3.0
Shields        | 4 5 9 |  9.6
Long Blades    | 4 5 7 10 13 14 | 14.0
Fighting       | |  3.6
Armour         | |  3.6

Action                     |  1- 3 |  4- 6 |  7- 9 || total
---------------------------+-------+-------+-------++-------
  Melee: Long sword        |   113 |   130 |   296 ||   539
         Headbutt          |    12 |    25 |    52 ||    89
  Throw: Dart              |       |       |     7 ||     7
 Invoke: Recall Undead Har |       |       |     3 ||     3
  Evoke: Wand              |       |       |    16 ||    16
    Use: Scroll            |     1 |     2 |    15 ||    18
         Potion            |       |       |     1 ||     1
 Armour: Scale mail        |    29 |       |       ||    29
         Plate armour      |    47 |   108 |   219 ||   374
         Skin              |       |       |     1 ||     1
         Chain mail        |       |       |    17 ||    17
  Dodge: Dodged            |    48 |    44 |    72 ||   164
  Block: Buckler           |    24 |    33 |    38 ||    95
         Tower shield      |       |       |   134 ||   134
